 Dungeon Crawl Stone Soup version 0.17-a0-1420-geb41feb (webtiles) character file.

618 Kisielow the Slasher (level 7, -5/60 HPs)
             Began as a Minotaur Fighter on June 24, 2015.
             Slain by a mummy (8 damage)
             ... in an ossuary.
             The game lasted 00:07:06 (3311 turns).

Kisielow the Slasher (Minotaur Fighter)             Turns: 3311, Time: 00:07:06

Health: -5/60      AC: 12    Str: 31    XL:     7   Next: 21%
Magic:  6/6        EV:  6    Int:  5    God:
Gold:   97         SH: 11    Dex:  9    Spells: 0 memorised, 6 levels left

rFire  . . .     SeeInvis .     a - +1 long sword
rCold  . . .     Clarity  .     B - +0 chain mail
rNeg   + . .     SustAt   .     c - +0 shield
rPois  .         Gourm    .     (helmet restricted)
rElec  .         Spirit   .     D - +0 cloak
rCorr  .         Warding  .     b - +0 pair of gloves
rMut   .         Stasis   .     (no boots)
MR     .....                    g - amulet of faith
Stlth  ..........               w - ring of positive energy
                                E - +3 ring of strength

@: mighty, not resistant to hostile enchantments, extremely unstealthy
A: retaliatory headbutt, horns 2
a: no special abilities


You were in an ossuary.
You were hungry.

You visited 1 branch of the dungeon, and saw 4 of its levels.
You also visited: Ossuary.

You collected 97 gold pieces.

Inventory:

Hand weapons
 a - a +1 long sword (weapon)
Armour
 b - a +0 pair of gloves (worn)
 c - a +0 shield (worn)
 B - a +0 chain mail (worn)
 D - a +0 cloak (worn)
Jewellery
 g - an amulet of faith (around neck)
 q - an uncursed ring of magical power
 w - a ring of positive energy (right hand)
 E - a +3 ring of strength (left hand)
Magical devices
 u - a wand of slowing (25)
 x - a wand of digging (0)
 C - a wand of slowing (28)
Scrolls
 h - a scroll of identify
 j - a scroll of blinking
Potions
 k - a potion of flight {unknown}
 l - 2 potions of degeneration
 n - 2 potions of lignification
 p - a potion of agility {unknown}
 F - a potion of haste
Books
 G - a book of Changes

   Spells                             Type                      Level
   a - Beastly Appendage              Transmutation                1
   b - Sticks to Snakes               Transmutation                2
   c - Spider Form                    Transmutation/Poison         3
   d - Ice Form                       Ice/Transmutation            4
   e - Blade Hands                    Transmutation                5
Comestibles
 e - 2 bread rations
 f - 2 slices of pizza
 t - 2 meat rations
 v - a royal jelly
 z - 2 fruits


   Skills:
 + Level 4.8 Fighting
 + Level 7.7 Long Blades
 + Level 5.0 Armour
 + Level 5.0 Shields


You had 6 spell levels left.
You didn't know any spells.

Dungeon Overview and Level Annotations

Branches:
Dungeon (4/15)
 Temple: D:4-7

Altars:
Gozag
Sif Muna
Trog

Annotations:
D:4 beatless's ghost, average TrFi


Innate Abilities, Weirdness & Mutations

You reflexively headbutt those who attack you in melee.
You have a pair of horns on your head.


Message History

The orc zombie hits you but does no damage.
The hobgoblin zombie hits you but does no damage.
You hit the mummy. You headbutt the mummy.
You destroy the mummy!
Your Shields skill increases to level 5!
The hobgoblin zombie closely misses you.
You block the mummy's attack.
The orc zombie hits you but does no damage.
You block the mummy's attack.
The hobgoblin zombie hits you but does no damage.
You slice the hobgoblin zombie!!
You destroy the hobgoblin zombie!
The orc zombie barely misses you.
Your chain mail prevents you from hitting the mummy.
You block the orc zombie's attack.
You slash the mummy! You headbutt the mummy.
You destroy the mummy!
Your Armour skill increases to level 5!
The mummy hits you!
You die...

... #### ..
.... ##..## ...
....##....##...
...............
...............
#......M.......
#..Z.Z...#
#.M@M..#
##..Z.## #....#
#....# #....#
#....# #....#
#....# #....#


You could see 3 mummies, a hobgoblin zombie, a gnoll zombie and an orc zombie.

Vanquished Creatures
  Sigmund (D:2)
  Ijyb (D:3)
  2 worker ants
  Jessica (D:3)
  Natasha (thrice) (D:2)
  2 orc wizards
  2 orc priests
  3 mummies (Ossuary)
  Robin (D:2)
  8 adders
  An ooze (D:1)
  An adder skeleton (D:4)
  2 worms
  7 orcs
  A ball python (D:3)
  5 bats
  3 giant cockroaches
  2 gnoll zombies (Ossuary)
  11 goblins
  11 hobgoblins
  A quokka (D:4)
  2 giant geckos (D:3)
  4 giant newts
  A hobgoblin zombie (Ossuary)
  6 kobolds
  2 orc zombies (Ossuary)
  7 rats
91 creatures vanquished.

Notes
Turn   | Place    | Note
--------------------------------------------------------------
     0 | D:1      | Kisielow the Minotaur Fighter began the quest for the Orb.
     0 | D:1      | Reached XP level 1. HP: 19/19 MP: 0/0
   202 | D:1      | Reached XP level 2. HP: 24/26 MP: 1/1
   654 | D:2      | Reached skill level 4 in Long Blades
   654 | D:2      | Reached XP level 3. HP: 11/31 MP: 2/2
  1048 | D:2      | Noticed Sigmund
  1054 | D:2      | Killed Sigmund
  1054 | D:2      | Reached skill level 7 in Long Blades
  1054 | D:2      | Reached XP level 4. HP: 35/39 MP: 3/3
  1054 | D:2      | Reached XP level 5. HP: 40/45 MP: 4/4
  1134 | D:2      | Noticed Natasha
  1142 | D:2      | Killed Natasha
  1231 | D:2      | Found an opulent altar of Gozag.
  1444 | D:2      | Found a bloodstained altar of Trog.
  1483 | D:2      | Noticed Robin
  1510 | D:2      | Killed Robin
  1790 | D:2      | Noticed Natasha
  1794 | D:2      | Reached XP level 6. HP: 46/52 MP: 5/5
  1799 | D:2      | Killed Natasha
  2019 | D:2      | Noticed Natasha
  2024 | D:2      | Killed Natasha
  2357 | D:3      | Noticed Ijyb
  2371 | D:3      | Killed Ijyb
  2396 | D:3      | Noticed Jessica
  2401 | D:3      | Killed Jessica
  2523 | D:3      | Found a deep blue altar of Sif Muna.
  2977 | D:4      | Reached XP level 7. HP: 14/60 MP: 6/6
  2985 | D:4      | HP: 3/60 [worm (6)]
  3161 | D:4      | Noticed beatless's ghost (average TrFi)
  3167 | D:4      | Found a sand-covered staircase.
  3173 | Ossuary  | Entered an ossuary
  3306 | Ossuary  | HP: 2/60 [mummy (13)]
  3308 | Ossuary  | Reached skill level 5 in Shields
  3311 | Ossuary  | Reached skill level 5 in Armour
  3311 | Ossuary  | Slain by a mummy

Vault maps used:
D:1:      dpeg_arrival_rooms_c, minmay_door_square
D:2:      kennysheep_big_flooded_room, nicolae_overflow_hidden_temple,
          nicolae_overflow_crystal_walls, uniq_robin, uniq_natasha, uniq_sigmund
D:3:      serial_bayou_pond_e, minivault_5, led_sif_book, uniq_iyjb,
          uniq_jessica
D:4:      first_bread, enter_ossuary_5, kennysheep_generic_room_4, uniq_menkaure
Ossuary:  ossuary_tomb_3

Action                   |  1- 3 |  4- 6 |  7- 9 || total
-------------------------+-------+-------+-------++-------
Melee: Long sword        |    66 |   138 |    31 ||   235
  Use: Potion            |     1 |     1 |     2 ||     4
       Scroll            |       |    11 |       ||    11
  Eat: Chunk             |       |     6 |     2 ||     8
